 Dungeon Crawl Stone Soup version 0.29.1-12-g30fa7ad0bf (webtiles) character file.

Game seed: 8096098714922680187

45393 fantasyman the Executioner (level 14, -6/133 HPs)
             Began as a Minotaur Fighter on Dec 22, 2022.
             Was a High Priest of Okawaru.
             Killed by divine providence
             ... invoked by an orc priest
              (15 damage)
             ... on level 1 of the Orcish Mines.
             The game lasted 00:26:00 (18066 turns).

fantasyman the Executioner (Minotaur Fighter)      Turns: 18066, Time: 00:26:00

Health: -6/133     AC: 23    Str: 25    XL:     14   Next: 0%
Magic:  13/13      EV:  7    Int:  5    God:    Okawaru [*****.]
Gold:   342        SH:  0    Dex: 11    Spells: 13/13 levels left

rFire   . . .      SeeInvis .   D - +7 battleaxe of the End {spect, rCorr}
rCold   . . .      Faith    .   (shield currently unavailable)
rNeg    . . .      Spirit   .   g - +0 plate armour
rPois   .          Reflect  .   q - +2 hat
rElec   .          Harm     .   n - +0 cloak {Stlth+}
rCorr   +          Rampage  .   t - +2 pair of gloves
Will    +....                   u - +0 pair of boots
Stlth   ..........              b - amulet of the acrobat
HPRegen 0.32/turn               k - +4 ring of protection
MPRegen 0.13/turn               (no ring)

@: no status effects
A: horns 2, retaliatory headbutt
a: Renounce Religion, Heroism, Finesse, Duel


You were on level 1 of the Orcish Mines.
You worshipped Okawaru.
Okawaru was extremely pleased with you.
You visited 3 branches of the dungeon, and saw 13 of its levels.

You collected 862 gold pieces.
You spent 520 gold pieces at shops.

Inventory:

Hand Weapons
 m - the +11 war axe of Superiority {antimagic, +Blink rF+ rC+ Dex+4}
   (You found it on level 6 of the Dungeon)

   It reduces the magical energy of the wielder, and disrupts the spells and
   magical abilities of those it strikes.
   Natural abilities and divine invocations are not affected.
   Dex:       It affects your dexterity (+4).
   rF:        It protects you from fire.
   rC:        It protects you from cold.
   +Blink:    It lets you blink.
 z - a +1 demon whip of venom
 D - the +7 battleaxe of the End (weapon) {spect, rCorr}
   (Okawaru gifted it to you on level 11 of the Dungeon)

   When its wielder attacks, the weapon's spirit leaps out and strikes again.
   The spirit shares a part of any damage it takes with its wielder.
   rCorr:     It protects you from acid and corrosion.
Armour
 c - a +0 buckler
 g - a +0 plate armour (worn)
 n - a +0 cloak of stealth (worn)
 q - a +2 hat (worn)
 t - a +2 pair of gloves (worn)
 u - a +0 pair of boots (worn)
Jewellery
 b - an amulet of the acrobat (around neck)
 k - a +4 ring of protection (left hand)
 B - an amulet of guardian spirit
Wands
 h - a wand of iceblast (27)
 i - a wand of quicksilver (7)
 v - a wand of polymorph (2)
 y - a wand of mindburst (24)
 C - a wand of flame (12)
Scrolls
 a - 3 scrolls of fear
 j - 6 scrolls of teleportation
 l - a scroll of amnesia
 p - 8 scrolls of identify
 s - a scroll of enchant weapon
 x - a scroll of enchant armour
 E - 3 scrolls of blinking
Potions
 d - a potion of might
 e - 3 potions of lignification
 f - 8 potions of curing
 o - 2 potions of attraction
 r - a potion of resistance
 A - a potion of magic


   Skills:
 + Level 14.6 Fighting
 * Level 21.9 Axes
 - Level 4.2 Armour
 - Level 3.7 Shields


You had 13 spell levels left.
You didn't know any spells.
Your spell library contained the following spells:

 Spells                   Type           Power      Damage    Failure   Level
 Blink                    Tloc           0%         N/A       100%        2
 Ensorcelled Hibernation  Hex/Ice        0%         N/A       100%        2
 Static Discharge         Conj/Air       0%         3-3/arc   100%        2
 Ozocubu's Armour         Ice            0%         N/A       100%        3
 Portal Projectile        Hex/Tloc       0%         N/A       100%        3
 Spider Form              Tmut/Pois      0%         N/A       100%        3
 Airstrike                Air            0%         2d(0-16)  100%        4
 Anguish                  Hex/Necr       0%         N/A       100%        4
 Dispel Undead            Necr           0%         3d6       100%        4
 Leda's Liquefaction      Hex/Erth       0%         N/A       100%        4
 Sticky Flame             Conj/Fire      0%         2d3       100%        4
 Alistair's Intoxication  Tmut/Pois      0%         N/A       100%        5
 Borgnjor's Vile Clutch   Necr/Erth      0%         N/A       100%        5
 Lightning Bolt           Conj/Air       0%         1d11      100%        5
 Manifold Assault         Tloc           0%         N/A       100%        5
 Metabolic Englaciation   Hex/Ice        0%         N/A       100%        5
 Eringya's Noxious Bog    Tmut/Pois      0%         N/A       100%        6
 Storm Form               Tmut/Air       0%         N/A       100%        7
 Call Canine Familiar     Summ           Unusable   N/A       N/A         3
 Summon Lightning Spire   Summ/Air       Unusable   N/A       N/A         4
 Simulacrum               Ice/Necr       Unusable   N/A       N/A         6

Dungeon Overview and Level Annotations

Branches:
Dungeon (11/15)            Temple (1/1) D:5            Lair (0/5) D:8
    Orc (1/2) D:10

Altars:
Ashenzari
Cheibriados
Dithmenos
Elyvilon
Fedhas
Gozag
Hepliaklqana
Kikubaaqudgha
Makhleb
Nemelex Xobeh
Okawaru
Qazlal
Ru
Sif Muna
Trog
Uskayaw
Vehumet
Wu Jian
Xom
Yredelemnul
Zin
The Shining One

Shops:
D:1 *

Annotations:
D:9 2 transporters, Jingleheimer's ghost, journeyman VSAK
Orc:1 Jorgrun


Innate Abilities, Weirdness & Mutations

You have a pair of horns on your head.
You reflexively headbutt those who attack you in melee.


Message History

The grasping roots constrict you.
* * * LOW HITPOINT WARNING * * *
There is a large open door here.
The roots grasp on you weakens, but your attempt to escape fails.
The orc priest miscasts a cantrip.
The roots lose their grip on you.
Some rock shatters into small pieces.
Things that are here:
a +0 dagger; a +0 robe; an orc corpse You hear a grinding noise.
The orc priest looks encouraged for a moment.
The orc priest invokes the aid of Beogh against you.
Beogh smites you!
* * * LOW HITPOINT WARNING * * *
You hear a grinding noise.
There is a large open door here.
Jorgrun casts a spell next to you.
Some rock shatters into small pieces.
Jorgrun casts a spell at the rock wall.
Some rock shatters into small pieces.
Jorgrun says, "A few more walls knocked out 'ere an' thar an' 'tis whole place will come crashin' down."
Jorgrun casts a spell at you.
Roots burst forth from the earth!
The grasping roots grab you! The grasping roots constrict you.
* * * LOW HITPOINT WARNING * * *
The roots grasp on you weakens, but your attempt to escape fails.
The grasping roots constrict you.
* * * LOW HITPOINT WARNING * * *
You escape the roots grasp.
You hear a grinding noise.
You hear a grinding noise.
The orc priest mumbles some strange prayers to Beogh against you.
Beogh smites you!
* * * LOW HITPOINT WARNING * * *
You hear a grinding noise.
There is a staircase back to the Dungeon here.
The orc priest calls down the wrath of Beogh upon you.
Beogh smites you!
You die...

.. ### .. ### ##.# # ...
##.#### ##..## .#
...##.....####..@.## .#
...........##...o..#.#######
......##....##......#.#.##.##
....).....o.###.............#
.####''####.# #..o....#.#...#
.#........#.###.g.....###...#
.#..####...............###.##
.#..#..............#........#
.#.)'..'..#.................##


You could see Jorgrun, an orc priest and an orc.

Vanquished Creatures
  2 two-headed ogres (D:11)
  Amaemon (D:8)
  Pikel (D:5)
  A cyclops (D:10)
  A manticore (D:11)
  Maurice (D:8)
  Joseph (D:7)
  An orange demon (D:7)
  An unseen horror (D:7)
  Maggie (D:7)
  Psyche (D:11)
  4 trolls
  Prince Ribbit (D:6)
  Grinder (D:4)
  2 shadows
  A vampire (D:11)
  3 wraiths
  Sigmund (D:4)
  A steam dragon (D:8)
  21 yaks
  A wyvern (D:10)
  Grum (D:11)
  Eustachio (D:5)
  An acid dragon (D:7)
  4 water moccasins
  11 orc warriors
  2 sky beasts (D:8)
  3 black bears
  2 ice beasts (D:7)
  6 ogres
  3 wolves (D:11)
  7 centaurs
  3 lemures (D:5)
  3 phantoms
  3 bullfrogs (D:7)
  5 kobold brigands
  A gnoll sergeant (D:7)
  2 scorpions
  2 necrophages
  12 wights
  12 killer bees
  2 howler monkeys
  7 hounds
  A gnoll bouda (D:8)
  7 orc priests
  2 iguanas (D:5)
  20 orc wizards
  8 ogre zombies (D:10)
  7 adders
  9 gnolls
  2 shadow imps
  4 white imps
  5 ufetubi
  3 worms
  6 dart slugs
  53 orcs
  A bat zombie (D:5)
  6 endoplasms
  7 giant cockroaches
  6 goblins
  7 hobgoblins
  8 jackals
  8 quokkas
  9 ball pythons
  5 bats
  3 frilled lizards
  3 goblin skeletons (D:10)
  2 hobgoblin skeletons (D:10)
  2 hobgoblin zombies (D:10)
  23 kobolds
  5 orc skeletons (D:10)
  13 orc zombies (D:10)
  6 rats
382 creatures vanquished.

Vanquished Creatures (others)
  An orc (Orc:1)
  A plant (D:10)
2 creatures vanquished.

Grand Total: 384 creatures vanquished

Notes
Turn   | Place    | Note
-------+----------+-------------------------------------------
     0 | D:1      | fantasyman the Minotaur Fighter began the quest for the
                  | Orb.
     0 | D:1      | Reached XP level 1. HP: 19/19 MP: 0/0
   120 | D:1      | Reached XP level 2. HP: 19/27 MP: 1/1
   385 | D:1      | Found a faded altar of an unknown god.
   517 | D:1      | Found Kaehesam's General Store.
   595 | D:1      | Reached skill level 3 in Axes
   728 | D:1      | Reached XP level 3. HP: 33/33 MP: 2/2
  1745 | D:2      | Reached skill level 5 in Fighting
  2243 | D:2      | Reached XP level 4. HP: 42/42 MP: 3/3
  2734 | D:3      | Reached XP level 5. HP: 25/51 MP: 4/4
  3052 | D:3      | Found a white marble altar of Elyvilon.
  3483 | D:3      | Found a snail-covered altar of Cheibriados.
  3596 | D:4      | Noticed Grinder
  3597 | D:4      | Paralysed by Grinder for 2 turns
  3618 | D:4      | Paralysed by Grinder for 2 turns
  4008 | D:4      | Noticed an ogre
  4488 | D:3      | Killed an ogre
  4489 | D:3      | Reached XP level 6. HP: 61/61 MP: 5/5
  4514 | D:4      | Noticed Sigmund
  4523 | D:4      | Killed Sigmund
  4705 | D:4      | Killed Grinder
  4706 | D:4      | Reached skill level 10 in Fighting
  4706 | D:4      | Reached XP level 7. HP: 21/72 MP: 6/6
  5728 | D:5      | Entered Level 5 of the Dungeon
  5728 | D:5      | Found a basalt altar of Yredelemnul.
  5758 | D:5      | Noticed Eustachio
  6036 | D:6      | Identified the +11 war axe of Superiority {antimagic,
                  | +Blink rF+ rC+ Dex+4}
  6443 | D:5      | Reached XP level 8. HP: 79/82 MP: 2/7
  6450 | D:5      | Reached skill level 4 in Axes
  6674 | D:5      | Noticed Pikel
  6684 | D:5      | Killed Pikel
  6685 | D:5      | Reached skill level 7 in Axes
  6797 | D:5      | Found an ancient bone altar of Kikubaaqudgha.
  6863 | D:5      | Killed Eustachio
  7237 | D:5      | Found a staircase to the Ecumenical Temple.
  7393 | Temple   | Entered the Ecumenical Temple
  7462 | Temple   | Became a worshipper of Warmaster Okawaru
  7698 | D:6      | Noticed Prince Ribbit
  7706 | D:6      | Reached skill level 8 in Axes
  7713 | D:6      | Killed Prince Ribbit
  7714 | D:6      | Reached XP level 9. HP: 24/90 MP: 2/8
  8229 | D:6      | Reached skill level 9 in Axes
  8349 | D:6      | Reached skill level 10 in Axes
  8536 | D:6      | Reached * piety under Okawaru
  8742 | D:6      | Found a shimmering blue altar of Sif Muna.
  8946 | D:6      | Found a shimmering altar of Xom.
  9288 | D:7      | Reached skill level 11 in Axes
  9380 | D:7      | Reached skill level 12 in Axes
  9611 | D:7      | Reached ** piety under Okawaru
  9615 | D:7      | Reached XP level 10. HP: 93/99 MP: 3/9
  9725 | D:7      | Noticed Maggie
  9728 | D:7      | Noticed Joseph
  9733 | D:7      | Killed Maggie
  9738 | D:7      | Killed Joseph
  9808 | D:7      | Reached skill level 13 in Axes
 10309 | D:7      | Reached *** piety under Okawaru
 10631 | D:8      | Noticed Maurice
 10637 | D:8      | Killed Maurice
 10750 | D:8      | Reached skill level 14 in Axes
 10874 | D:8      | Noticed an orange demon
 10877 | D:8      | Noticed Amaemon
 11247 | D:7      | Killed an orange demon
 11266 | D:8      | Killed Amaemon
 11266 | D:8      | Reached **** piety under Okawaru
 11267 | D:8      | Reached skill level 15 in Axes
 11950 | D:8      | Reached XP level 11. HP: 81/107 MP: 3/10
 12197 | D:8      | Found a staircase to the Lair.
 12529 | D:9      | Found a shadowy altar of Dithmenos.
 12787 | D:9      | Reached skill level 16 in Axes
 12885 | D:9      | Found a transporter.
 12890 | D:9      | Found a transporter.
 12890 | D:9      | Noticed a two-headed ogre
 12890 | D:9      | Noticed Jingleheimer's ghost (journeyman VSAK)
 12890 | D:9      | Noticed a two-headed ogre
 12891 | D:9      | Noticed a two-headed ogre
 13322 | D:10     | Entered Level 10 of the Dungeon
 13413 | D:10     | Reached ***** piety under Okawaru
 13465 | D:10     | Found a staircase to the Orcish Mines.
 13636 | D:10     | Reached skill level 17 in Axes
 13650 | D:10     | Reached skill level 19 in Axes
 13650 | D:10     | Reached XP level 12. HP: 115/115 MP: 3/11
 14735 | D:10     | Found a hide-covered altar of Uskayaw.
 15179 | D:11     | Noticed Grum
 15195 | D:11     | Killed Grum
 15196 | D:11     | Reached skill level 20 in Axes
 15242 | D:11     | Noticed Psyche
 15250 | D:11     | Killed Psyche
 15344 | D:11     | Identified the +7 battleaxe of the End {spect, rCorr}
                  | (Okawaru gifted it to you on level 11 of the Dungeon)
 15344 | D:11     | Received a gift from Okawaru
 15457 | D:11     | Noticed a two-headed ogre
 15461 | D:11     | Killed a two-headed ogre
 15483 | D:11     | Noticed a two-headed ogre
 15489 | D:11     | Killed a two-headed ogre
 17452 | D:1      | Bought a scroll of acquirement for 520 gold pieces
 17452 | D:1      | Acquired the ring of Generosity {rElec rPois rF- Will-
                  | Str+6}
 17455 | D:1      | Reached skill level 21 in Axes
 17455 | D:1      | Reached XP level 13. HP: 125/125 MP: 12/12
 17703 | Orc:1    | Entered Level 1 of the Orcish Mines
 18001 | Orc:1    | Noticed Jorgrun
 18012 | Orc:1    | Reached XP level 14. HP: 95/133 MP: 13/13
 18066 | Orc:1    | Killed from afar by an orc priest

Illustrated notes

Levels and vault maps discovered:
D:1:      minmay_arrival_cross, layout_basic, chequers_ecumenical_altar_island,
          serial_shops, nicolae_shop_crystal
D:2:      layout_loops_corners
D:3:      layout_loops_ring, cheibrodos_worm_habitat,
          mainiacjoe_overflow_alcove_2
D:4:      layout_basic, nrook_campfire, uniq_grinder, uniq_sigmund
D:5:      layout_loops_ring, yredelemnul_altar_generic,
          lemuel_zombie_altar_kikubaaqudgha, minmay_temple_entry_poolview,
          nicolae_sextant, uniq_pikel, uniq_eustachio
D:6:      layout_cave_pods, lemuel_coloured_pillars_altar,
          kennysheep_orc_sif_temple, cheibrodos_sewer_entry_drain,
          patterned_corridor, uniq_prince_ribbit1
D:7:      layout_basic, moated_statue, minmay_joined_circles, uniq_joseph,
          uniq_maggie
D:8:      layout_basic, lair_entry_dummy, uniq_amaemon, uniq_maurice
D:9:      layout_irregular_city, grunt_dithmenos_smoke, gammafunk_ghost_smash
D:10:     wad_cavern_with_rooms, layout_rooms, nicolae_uskayaw_dance_studio,
          zombieorc2_lemuel, special_room [special_room_orc]
D:11:     layout_roguey, uniq_psyche, uniq_grum
Temple:   eino_temple_lava
Orc:1:    layout_caves, nicolae_orc_bridge_out, guppyfry_library_mini,
          uniq_erica, uniq_jorgrun

Skill      XL: |  1  2  3  4  5  6  7  8  9 10 11 12 |
---------------+-------------------------------------+-----
Fighting       | 4 5 6 7 10 11 12 13 14 | 14.6
Armour         | 4 |  4.2
Axes           | 3 8 12 15 19 21 | 21.9
Shields        | |  3.7

Action                   |  1- 3 |  4- 6 |  7- 9 | 10-12 | 13-15 || total
-------------------------+-------+-------+-------+-------+-------++-------
Melee: War axe           |    95 |   103 |   198 |   314 |       ||   710
       Headbutt          |    13 |    14 |    28 |    65 |     2 ||   122
       Battleaxe         |       |       |       |    25 |    23 ||    48
  Use: Scroll            |     8 |     3 |     4 |     9 |       ||    24
       Potion            |       |     3 |     1 |     7 |     1 ||    12
 Stab: Invisible         |       |       |       |     7 |       ||     7
Armor: Scale mail        |    49 |       |       |       |       ||    49
       Chain mail        |       |    51 |   148 |   101 |       ||   300
       Plate armour      |       |       |       |    35 |    18 ||    53
Dodge: Dodged            |    50 |    31 |    79 |   167 |    11 ||   338
Block: Buckler           |    28 |    18 |    55 |    54 |       ||   155
